[Event "European School-ch 2019"]
[Site "Mamaia"]
[Date "2019.06.02"]
[Round "3.46"]
[White "Babic, Milana"]
[Black "Babic, Masa"]
[Result "1/2-1/2"]
[ECO "C47"]
[WhiteElo "1677"]
[BlackElo "1715"]
[Annotator "NA"]
[PlyCount "76"]
[EventDate "2019.05.31"]
[EventType "swiss"]
[EventCountry "ROU"]
[SourceTitle "playchess.com"]
[Source "ChessBase"]
[SourceQuality "1"]
[TimeControl "40/5400+30:1800+30"]

1. e4 e5 2. Nf3 Nc6 3. Nc3 Nf6 4. Be2 Be7 5. d3 d6 6. Bg5 O-O 7. O-O Be6 8. Re1 h6 9. Bxf6 Bxf6 10. Qd2 Re8 11. Rad1 Qd7 12. a3 Rad8 13. b4 a6 14. h3 b5 15. Nh2 Nd4 16. Bg4 Bxg4 17. Nxg4 Be7 18. Ne2 Nxe2+ 19. Qxe2 c6 20. Ne3 Bg5 21. Kh2 Bxe3 22. Qxe3 f6 23. f3 g5 24. g4 Kg7 25. c3 Ra8 26. Qf2 a5 27. h4 a4 28. h5 d5 29. Qe3 Qa7 30. Qxa7+ Rxa7 31. Rd2 Kf7 32. Kg2 Rd7 33. Kf2 d4 34. cxd4 exd4 35. Ke2 Rd6 36. Rc2 Ree6 37. Kd2 Ke7 38. Rec1 Kd7 1/2-1/2

[Event "European School-ch 2019"]
[Site "Mamaia"]
[Date "2019.06.02"]
[Round "3.47"]
[White "Arora, Tashika"]
[Black "Novikova, Daria"]
[Result "1/2-1/2"]
[ECO "D02"]
[WhiteElo "1471"]
[BlackElo "1441"]
[Annotator "NA"]
[PlyCount "173"]
[EventDate "2019.05.31"]
[EventType "swiss"]
[EventCountry "ROU"]
[SourceTitle "playchess.com"]
[Source "ChessBase"]
[SourceQuality "1"]
[TimeControl "40/5400+30:1800+30"]

1. d4 d5 2. Nf3 c6 3. Bf4 Bf5 4. e3 e6 5. Bd3 Bxd3 6. Qxd3 Bd6 7. Bg5 Nf6 8. O-O Nbd7 9. c4 O-O 10. Nc3 Bb4 11. cxd5 exd5 12. Rac1 Bxc3 13. Rxc3 Qe7 14. Rb3 b6 15. Rc1 c5 16. Rbc3 Qe6 17. Bf4 Ne4 18. Ng5 Nxg5 19. Bxg5 c4 20. Qe2 Qf5 21. Bf4 Rfe8 22. Qc2 Qf6 23. Qa4 Qe6 24. b3 cxb3 25. Qxb3 Nf6 26. Rc6 Rec8 27. Qc2 Rxc6 28. Qxc6 Qxc6 29. Rxc6 h6 30. f3 b5 31. Rc5 b4 32. Kf2 a5 33. Rb5 Kf8 34. Ke1 Ke7 35. Bc7 Rc8 36. Bxa5 Rc1+ 37. Kd2 Rg1 38. Bxb4+ Ke6 39. Rb6+ Kf5 40. g4+ Kg6 41. h4 Rg2+ 42. Kd3 Rxa2 43. f4 Kh7 44. g5 hxg5 45. hxg5 Ne4 46. Be1 Ra3+ 47. Ke2 Ra2+ 48. Kf1 Ra3 49. Rb5 Rxe3 50. Rxd5 Rf3+ 51. Kg2 Rxf4 52. Kh3 Rf1 53. Bh4 Rh1+ 54. Kg4 Rg1+ 55. Kf4 Nc3 56. Re5 Rd1 57. Ke3 Rh1 58. Bg3 Rg1 59. Kf2 Rd1 60. Ke3 Rg1 61. Kf2 Rd1 62. Ke3 Rg1 63. Bf4 Nd1+ 64. Kd2 Rg4 65. Kxd1 Rxf4 66. d5 Rd4+ 67. Ke2 f6 68. gxf6 gxf6 69. Re6 Kg6 70. d6 Kf5 71. Ke3 Rd5 72. Re4 Rxd6 73. Rf4+ Kg5 74. Rf1 f5 75. Rg1+ Kf6 76. Rf1 Ke5 77. Kf3 Rd3+ 78. Ke2 Rd4 79. Kf3 Rf4+ 80. Ke2 Ra4 81. Re1 Re4+ 82. Kf2 Kf4 83. Rxe4+ fxe4 84. Ke2 e3 85. Ke1 Ke4 86. Ke2 Kd4 87. Ke1 1/2-1/2

[Event "European School-ch 2019"]
[Site "Mamaia"]
[Date "2019.06.02"]
[Round "3.48"]
[White "Janouskova, Adela"]
[Black "Lyukina, Sofya"]
[Result "1-0"]
[ECO "C50"]
[WhiteElo "1330"]
[BlackElo "1252"]
[Annotator "NA"]
[PlyCount "112"]
[EventDate "2019.05.31"]
[EventType "swiss"]
[EventCountry "ROU"]
[SourceTitle "playchess.com"]
[Source "ChessBase"]
[SourceQuality "1"]
[TimeControl "40/5400+30:1800+30"]

1. e4 e5 2. Nf3 Nc6 3. Bc4 Nf6 4. d3 Bc5 5. c3 O-O 6. O-O Bb6 7. Be3 d5 8. exd5 Nxd5 9. Bxb6 axb6 10. Re1 Re8 11. Bb5 f6 12. Bc4 Na5 13. Bxd5+ Qxd5 14. d4 Nb3 15. c4 Qa5 16. Qxb3 Bg4 17. Qc3 exd4 18. Qxa5 bxa5 19. Nbd2 c5 20. h3 Bf5 21. Rxe8+ Rxe8 22. Re1 Rxe1+ 23. Nxe1 Kf7 24. Kf1 Ke6 25. Ke2 h5 26. Nd3 Bxd3+ 27. Kxd3 g5 28. Ne4 b6 29. a4 Ke5 30. b3 g4 31. hxg4 hxg4 32. Nd2 f5 33. Nb1 Ke6 34. Na3 Kd6 35. Nb5+ Kc6 36. Na7+ Kb7 37. Nb5 Kc6 38. Na3 Kd6 39. Nb1 Ke6 40. Nd2 Ke5 41. Nf1 Kf4 42. Ng3 Ke5 43. Nh5 Ke6 44. Nf4+ Ke5 45. Nd5 Kd6 46. Nxb6 Kc6 47. Nd5 Kd6 48. g3 Ke6 49. Nf4+ Ke5 50. Ne2 Kd6 51. Nxd4 cxd4 52. Kxd4 Ke6 53. c5 Kd7 54. Kc4 Kc6 55. b4 axb4 56. Kxb4 Kd5 1-0

[Event "European School-ch 2019"]
[Site "Mamaia"]
[Date "2019.06.02"]
[Round "3.49"]
[White "Kapicakova, Lucia"]
[Black "Putinceva, Marina"]
[Result "0-1"]
[ECO "C47"]
[WhiteElo "1776"]
[BlackElo "1471"]
[Annotator "NA"]
[PlyCount "80"]
[EventDate "2019.05.31"]
[EventType "swiss"]
[EventCountry "ROU"]
[SourceTitle "playchess.com"]
[Source "ChessBase"]
[SourceQuality "1"]
[TimeControl "40/5400+30:1800+30"]

1. e4 e5 2. Nf3 Nc6 3. Nc3 Nf6 4. Be2 Bb4 5. O-O O-O 6. Nd5 d6 7. c3 Ba5 8. b4 Bb6 9. Nxb6 axb6 10. Qc2 Bg4 11. b5 Nb8 12. d4 Nbd7 13. Be3 Qe7 14. d5 h6 15. h3 Bh5 16. Kh2 Bg6 17. Nd2 Nxd5 18. Nc4 Nxe3 19. Nxe3 Nc5 20. f3 Qd7 21. g4 Rfd8 22. c4 Ra3 23. Nd5 Rda8 24. Nc3 Nb3 25. Rae1 Nd4 26. Qb2 Qe6 27. Bd3 f6 28. Rf2 Qd7 29. Qd2 Bf7 30. Nb1 Rxa2 31. Qe3 Qc8 32. Nc3 Rxf2+ 33. Qxf2 Ra3 34. Rc1 Qa8 35. Kg3 Qa5 36. Qb2 Rb3 37. Qd2 Qb4 38. Kf2 Rb2 39. Bc2 Bxc4 40. Nb1 Rxb1 0-1

[Event "European School-ch 2019"]
[Site "Mamaia"]
[Date "2019.06.02"]
[Round "3.50"]
[White "Puia, Alexia-Teodora"]
[Black "Karaivanova, Petya"]
[Result "0-1"]
[ECO "D12"]
[WhiteElo "1543"]
[BlackElo "1688"]
[Annotator "NA"]
[PlyCount "86"]
[EventDate "2019.05.31"]
[EventType "swiss"]
[EventCountry "ROU"]
[SourceTitle "playchess.com"]
[Source "ChessBase"]
[SourceQuality "1"]
[TimeControl "40/5400+30:1800+30"]

1. d4 d5 2. Nf3 Nf6 3. e3 Bf5 4. c4 c6 5. Nc3 e6 6. Be2 Bd6 7. Nh4 Bg6 8. Nxg6 hxg6 9. h3 Nbd7 10. Rb1 dxc4 11. Bxc4 Nb6 12. Be2 Rc8 13. O-O Bb8 14. e4 Qc7 15. e5 Nfd5 16. Nxd5 Nxd5 17. f4 a6 18. Bf3 Ne7 19. Be3 Nf5 20. Bf2 Rd8 21. Rc1 Qd7 22. Qa4 O-O 23. Kh1 Ba7 24. Rfd1 Ne7 25. Qc2 Nf5 26. Qa4 Kh8 27. Bg4 Nh6 28. Bf3 Nf5 29. Bg4 Ne7 30. Bf3 f6 31. Bg4 Nd5 32. Qc2 f5 33. Bf3 Nxf4 34. Qd2 Nd5 35. Qg5 Kh7 36. h4 Qe7 37. Qxe7 Nxe7 38. Rc3 Nd5 39. Rb3 Rf7 40. Be1 Rfd7 41. Ba5 Rb8 42. Bc3 Ne3 43. Ba5 Nxd1 0-1

[Event "European School-ch 2019"]
[Site "Mamaia"]
[Date "2019.06.02"]
[Round "3.51"]
[White "Aydin, Gulenay"]
[Black "Palos, Andra-Maria"]
[Result "1-0"]
[ECO "B10"]
[WhiteElo "1967"]
[BlackElo "1487"]
[Annotator "NA"]
[PlyCount "79"]
[EventDate "2019.05.31"]
[EventType "swiss"]
[EventCountry "ROU"]
[SourceTitle "playchess.com"]
[Source "ChessBase"]
[SourceQuality "1"]
[TimeControl "40/5400+30:1800+30"]

1. e4 c6 2. Nc3 d5 3. Nf3 dxe4 4. Nxe4 Bf5 5. Ng3 Bg6 6. h4 h6 7. Ne5 Qd6 8. Nxg6 Qxg6 9. d4 Qd6 10. Be2 Nf6 11. O-O e6 12. c4 Qc7 13. Bd3 Bd6 14. Nh5 Nxh5 15. Qxh5 Nd7 16. Qg4 g5 17. h5 O-O-O 18. a3 f5 19. Qe2 Rde8 20. b4 Rhf8 21. c5 Bf4 22. Bc4 e5 23. d5 cxd5 24. Bxd5 Nf6 25. Bc4 Kb8 26. c6 bxc6 27. b5 c5 28. a4 Qa5 29. b6 Bxc1 30. bxa7+ Kxa7 31. Rfxc1 Ne4 32. Bd5 Qd2 33. Qxd2 Nxd2 34. Rc2 Ne4 35. Bxe4 fxe4 36. Rxc5 Re6 37. Re1 Rf4 38. g3 Rf5 39. Rxe4 Ref6 40. Re2 1-0

[Event "European School-ch 2019"]
[Site "Mamaia"]
[Date "2019.06.02"]
[Round "3.52"]
[White "Alimova, Dana"]
[Black "Shuqja, Klean"]
[Result "0-1"]
[ECO "B01"]
[WhiteElo "1732"]
[BlackElo "1858"]
[Annotator "NA"]
[PlyCount "71"]
[EventDate "2019.05.31"]
[EventType "swiss"]
[EventCountry "ROU"]
[SourceTitle "playchess.com"]
[Source "ChessBase"]
[SourceQuality "1"]
[TimeControl "40/5400+30:1800+30"]

1. e4 d5 2. exd5 Qxd5 3. Nc3 Qd8 4. d4 Nf6 5. Bc4 a6 6. Nf3 b5 7. Bb3 c5 8. dxc5 Qxd1+ 9. Nxd1 e6 10. Bf4 Bxc5 11. Ne3 Bb7 12. O-O-O O-O 13. c3 Nbd7 14. Ne5 Nb6 15. Nd3 Be7 16. f3 a5 17. Kb1 a4 18. Bc2 Nfd5 19. Nxd5 Nxd5 20. Bd2 a3 21. Nf4 axb2 22. Kxb2 Ba3+ 23. Kb1 Nb6 24. Bc1 Rfc8 25. Rd3 e5 26. Ne2 Nc4 27. Re1 b4 28. cxb4 Bxb4 29. Red1 Ba6 30. Rb3 Rcb8 31. Be4 Bb7 32. Bxb7 Rxb7 33. a3 Rba7 34. Rxb4 Nxa3+ 35. Bxa3 Rxa3 36. Nc1 {a expirat timpul de joc} 0-1

[Event "European School-ch 2019"]
[Site "Mamaia"]
[Date "2019.06.02"]
[Round "3.53"]
[White "Vorobyova, Ekaterina"]
[Black "Obada, Ema"]
[Result "0-1"]
[ECO "B26"]
[WhiteElo "1795"]
[BlackElo "1889"]
[Annotator "NA"]
[PlyCount "118"]
[EventDate "2019.05.31"]
[EventType "swiss"]
[EventCountry "ROU"]
[SourceTitle "playchess.com"]
[Source "ChessBase"]
[SourceQuality "1"]
[TimeControl "40/5400+30:1800+30"]

1. e4 c5 2. Nc3 Nc6 3. g3 g6 4. Bg2 Bg7 5. d3 d6 6. Be3 e5 7. Qd2 Be6 8. Nge2 Nd4 9. O-O Ne7 10. Bh6 O-O 11. Bxg7 Kxg7 12. Nxd4 cxd4 13. Ne2 Rc8 14. f4 f6 15. Rf2 Qb6 16. c3 Qa5 17. a3 dxc3 18. Nxc3 Nc6 19. Raf1 Nd4 20. h3 Qb6 21. Kh2 Bb3 22. g4 Ne6 23. f5 Nf4 24. Bf3 g5 25. Bd1 Bf7 26. Ne2 Nxe2 27. Qxe2 Rc7 28. Qf3 Rfc8 29. h4 h6 30. Kg2 d5 31. Rh1 dxe4 32. dxe4 Qd4 33. Qh3 Kf8 34. Qf3 Rc1 35. hxg5 hxg5 36. Rh8+ Ke7 37. Rxc8 Rxc8 38. a4 Qb4 39. Qe3 Rc4 40. Bf3 Rd4 41. Rc2 Kf8 42. Qc1 Kg7 43. Rc3 Qxa4 44. Kg3 Rc4 45. Qd2 Rxc3 46. Qxc3 Qb3 47. Qd2 b6 48. Kf2 a5 49. Bd1 Qc4 50. Qe3 b5 51. Be2 Qc2 52. Qa3 b4 53. Qxa5 Qxb2 54. Qc5 b3 55. Ke3 Qa1 56. Qe7 Qd4+ 57. Kf3 b2 58. Qb7 Qc3+ 59. Kf2 Qc2 0-1

[Event "European School-ch 2019"]
[Site "Mamaia"]
[Date "2019.06.02"]
[Round "3.54"]
[White "Ruzic, Pia Marie"]
[Black "Donghvani, Nia"]
[Result "1-0"]
[ECO "A35"]
[WhiteElo "1917"]
[BlackElo "1840"]
[Annotator "NA"]
[PlyCount "105"]
[EventDate "2019.05.31"]
[EventType "swiss"]
[EventCountry "ROU"]
[SourceTitle "playchess.com"]
[Source "ChessBase"]
[SourceQuality "1"]
[TimeControl "40/5400+30:1800+30"]

1. c4 c5 2. Nc3 Nc6 3. Nf3 g6 4. d4 cxd4 5. Nxd4 Bg7 6. Nc2 d6 7. e4 Nf6 8. Be2 O-O 9. O-O b6 10. Be3 Bb7 11. Rc1 Rc8 12. b3 Qd7 13. f4 e6 14. Qd2 Rcd8 15. Rfd1 Qc8 16. Bf3 Rd7 17. Qe1 Rfd8 18. Bf2 Qa8 19. Rd3 Ne7 20. Rcd1 h5 21. h3 Ne8 22. Bh4 Qb8 23. Qe2 Rc8 24. e5 Nf5 25. Be1 Bxf3 26. Qxf3 a6 27. Ne3 Nxe3 28. Qxe3 b5 29. c5 d5 30. b4 Ra7 31. a4 Qb7 32. a5 Qe7 33. Ne2 Bh6 34. Bd2 Ng7 35. g4 hxg4 36. hxg4 Ne8 37. Qh3 Bg7 38. g5 Qc7 39. Qh2 Kf8 40. Rh3 Ke7 41. Be3 Raa8 42. Rh7 Qb7 43. Nd4 Rc7 44. Rc1 Rc6 45. Kf2 Rd8 46. Qh4 Kd7 47. Nf3 Kc8 48. Bd4 Bf8 49. Be3 Ng7 50. Nd4 Qd7 51. Rxg7 Bxg7 52. Qh7 f5 53. gxf6 1-0

[Event "European School-ch 2019"]
[Site "Mamaia"]
[Date "2019.06.02"]
[Round "3.55"]
[White "Zyapaeva, Polina"]
[Black "Mihailova, Alina"]
[Result "1-0"]
[ECO "A16"]
[WhiteElo "1806"]
[BlackElo "1825"]
[Annotator "NA"]
[PlyCount "75"]
[EventDate "2019.05.31"]
[EventType "swiss"]
[EventCountry "ROU"]
[SourceTitle "playchess.com"]
[Source "ChessBase"]
[SourceQuality "1"]
[TimeControl "40/5400+30:1800+30"]

1. c4 Nf6 2. Nc3 c5 3. e4 Nc6 4. g3 d6 5. h3 g6 6. Bg2 Bg7 7. Nge2 Bd7 8. O-O h5 9. d3 a6 10. a4 O-O 11. Be3 Rb8 12. Rb1 Nb4 13. f4 Qc8 14. Kh2 Nc6 15. Qd2 Ne8 16. f5 gxf5 17. Bh6 Kh7 18. Be3 Rh8 19. exf5 Kg8 20. Nd5 b6 21. b4 Qd8 22. b5 axb5 23. axb5 Ne5 24. Bg5 Bf6 25. Nec3 Nc7 26. Qf4 Kf8 27. Qh4 Nxd5 28. Nxd5 Bxg5 29. Qxg5 f6 30. Qe3 Qc8 31. Be4 Kf7 32. Ra1 Qd8 33. Nf4 Bc8 34. Ra7 Bd7 35. Bd5+ Ke8 36. Be6 Rh7 37. Bxd7+ Nxd7 38. Ne6 1-0

[Event "European School-ch 2019"]
[Site "Mamaia"]
[Date "2019.06.03"]
[Round "4.3"]
[White "Stoleriu, George"]
[Black "Ozdemir, Serhan Berat"]
[Result "1-0"]
[ECO "B24"]
[WhiteElo "2372"]
[BlackElo "1950"]
[Annotator "ChessBase"]
[PlyCount "99"]
[EventDate "2019.05.31"]
[EventType "swiss"]
[EventCountry "ROU"]
[SourceTitle "playchess.com"]
[Source "ChessBase"]
[SourceQuality "1"]
[TimeControl "40/5400+30:1800+30"]

1. e4 c5 2. Nc3 Nc6 3. Bb5 Nd4 4. Bc4 e6 5. Nge2 Nf6 6. O-O a6 7. Bb3 d6 8. d3 Nxb3 9. axb3 Be7 10. f4 O-O 11. Kh1 b6 12. Ng3 Bb7 13. f5 Nd7 14. Bf4 e5 15. Be3 Bg5 16. Bg1 Nf6 17. Nh5 b5 18. Nxf6+ Bxf6 19. Qg4 Rc8 20. Be3 Re8 21. Rf3 Kf8 22. Rh3 h6 23. Ne2 Bg5 24. Bxg5 Qxg5 25. Qf3 Ke7 26. Rg3 Qf6 27. Nc3 Kf8 28. Nd1 c4 29. dxc4 bxc4 30. Nc3 cxb3 31. cxb3 Rc5 32. Rd1 Rd8 33. Qd3 h5 34. Qd2 h4 35. Rd3 a5 36. Qe3 Rcc8 37. Qb6 Ba8 38. Qxa5 Rxc3 39. Qxc3 Bxe4 40. Rxd6 Rxd6 41. Qc8+ Qd8 42. Qxd8+ Rxd8 43. Rxd8+ Ke7 44. Rh8 Bc2 45. Rxh4 e4 46. Kg1 Kf6 47. Rg4 e3 48. Rg3 e2 49. Kf2 Bd1 50. b4 1-0

[Event "European School-ch 2019"]
[Site "Mamaia"]
[Date "2019.06.03"]
[Round "4.4"]
[White "Paraschiv, Paul-Alexandru"]
[Black "Ozkurt, Kutay"]
[Result "1-0"]
[ECO "B20"]
[WhiteElo "2055"]
[BlackElo "1885"]
[Annotator "NA"]
[PlyCount "77"]
[EventDate "2019.05.31"]
[EventType "swiss"]
[EventCountry "ROU"]
[SourceTitle "playchess.com"]
[Source "ChessBase"]
[SourceQuality "1"]
[TimeControl "40/5400+30:1800+30"]

1. e4 c5 2. b3 Nc6 3. Bb2 e5 4. Bc4 Nf6 5. d3 d5 6. exd5 Nxd5 7. Ne2 Nb6 8. Bb5 Bd7 9. O-O Be7 10. f4 Nd4 (10... Nd5 $11) 11. Bxd7+ Nxd7 $14 12. fxe5 Nxe5 13. Nxd4 cxd4 14. Qh5 Qd5 15. c4 Qd6 16. Ba3 Qe6 17. Bxe7 Qxe7 18. Na3 O-O 19. Rfe1 Qxa3 20. Qxe5 Qb2 21. Qe2 Qc3 22. Rac1 Qa5 23. Qb2 Rfe8 24. b4 Qb6 25. c5 Qf6 26. Qf2 Qa6 27. Rxe8+ Rxe8 28. Rf1 Qe6 29. Qxd4 Qe3+ 30. Qxe3 Rxe3 31. Rd1 Re2 32. d4 Rxa2 33. d5 Kf8 34. d6 Ke8 35. Re1+ Kd8 36. Re7 Kc8 37. Rc7+ Kb8 38. Rxf7 a5 39. Rf8+ 1-0

[Event "European School-ch 2019"]
[Site "Mamaia"]
[Date "2019.06.03"]
[Round "4.5"]
[White "Celik, Eylul"]
[Black "Paraschiv, Petronela-Alexandra"]
[Result "1/2-1/2"]
[ECO "E00"]
[WhiteElo "1841"]
[BlackElo "1792"]
[Annotator "NA RC"]
[PlyCount "108"]
[EventDate "2019.05.31"]
[EventType "swiss"]
[EventCountry "ROU"]
[SourceTitle "playchess.com"]
[Source "ChessBase"]
[SourceQuality "1"]
[TimeControl "40/5400+30:1800+30"]

1. d4 Nf6 2. c4 e6 3. Bg5 h6 4. Bxf6 Qxf6 5. e3 c5 6. Nf3 {[%emt 0:01:03] E00: Catalan Bogo-Indian (3 g3 Bb4+)} cxd4 7. exd4 Bb4+ 8. Nbd2 O-O 9. a3 Ba5 10. b4 $146 ({Predecessor:} 10. Bd3 d5 11. O-O Nc6 12. c5 Bc7 13. Qa4 e5 14. Bb5 e4 15. Bxc6 exf3 16. Bxd5 fxg2 17. Bxg2 Qf4 18. Rfd1 Qxh2+ 19. Kf1 Bh3 {0-1 (19) Lovass,I-Forintos,G (2450) Kecskemet 1983}) 10... Bc7 11. Be2 Nc6 12. Nb3 d6 (12... a5 $15) 13. O-O Bd7 14. Qd2 Ne7 15. Rac1 g5 16. d5 e5 17. c5 e4 18. Ne1 Qe5 19. Rd1 Nf5 20. g3 Rae8 21. Ng2 e3 22. Qd3 exf2+ 23. Rxf2 Ne3 24. Nxe3 Qxe3 25. Nd4 Qxd3 26. Bxd3 Re5 27. Bf5 Ba4 28. Bc2 Bd7 29. Bb3 Rfe8 30. Kg2 Re3 31. Rf6 dxc5 32. bxc5 Be5 33. Rf3 Bxd4 34. Rxd4 Bh3+ 35. Kxh3 Rxf3 36. Rb4 Rc3 37. Rxb7 Rxc5 38. d6 Rf5 39. Rxa7 Rd8 40. d7 Kf8 41. Kg4 Rf6 42. Ba4 Rb6 43. Bc2 (43. Rc7 $11) 43... Rb2 44. Bf5 (44. Rc7 $17 {might work better.}) 44... Rxh2 45. a4 Rd2 46. a5 Rd6 47. Kh5 Ke7 48. Rc7 Rd5 49. Bg4 Rxa5 50. Kxh6 f5 51. Bh5 g4 52. Be8 Ra3 $11 (52... f4 $5 53. gxf4 g3 $17) 53. Kg6 Rf3 54. Kg5 Rf1 1/2-1/2

[Event "European School-ch 2019"]
[Site "Mamaia"]
[Date "2019.06.03"]
[Round "4.6"]
[White "Bulau, Andrei-Cristian"]
[Black "Mocanu, Valeria"]
[Result "1-0"]
[ECO "D35"]
[WhiteElo "2244"]
[BlackElo "1760"]
[Annotator "ChessBase"]
[PlyCount "139"]
[EventDate "2019.05.31"]
[EventType "swiss"]
[EventCountry "ROU"]
[SourceTitle "playchess.com"]
[Source "ChessBase"]
[SourceQuality "1"]
[TimeControl "40/5400+30:1800+30"]

1. d4 d5 2. c4 e6 3. Nc3 Nf6 4. cxd5 exd5 5. Bg5 c6 6. e3 Be7 7. Bd3 Ne4 8. Bxe7 Qxe7 9. Nge2 Bf5 10. O-O Nxc3 11. bxc3 Bxd3 12. Qxd3 Nd7 13. c4 dxc4 14. Qxc4 O-O 15. Qb3 Nf6 16. Nf4 b6 17. Rfc1 Rfc8 18. Rc2 Rc7 19. Rac1 Rac8 20. Nd3 h6 21. Qb4 Qe6 22. h3 Nd7 23. Nf4 Qe4 24. Qd6 Nf6 25. Rc4 Qe8 26. a4 c5 27. Ne2 Ne4 28. Qf4 Nd2 29. R4c2 Nb3 30. Rb1 Qxa4 31. Nc3 Qc4 32. Rbb2 cxd4 33. Nd5 Qxc2 34. Rxc2 Rxc2 35. Ne7+ Kf8 36. Nxc8 Rxc8 37. exd4 Rd8 38. Qc7 Rxd4 39. Qxa7 Rd6 40. Qc7 Re6 41. Qd8+ Re8 42. Qxb6 Na1 43. Qa5 Nc2 44. Qc5+ Kg8 45. Qxc2 g6 46. Kh2 Kg7 47. Qc3+ Kh7 48. g4 Re6 49. Kg3 g5 50. h4 Kg6 51. Qf3 gxh4+ 52. Kxh4 Kg7 53. Qc3+ Kh7 54. f4 Rg6 55. f5 Rg7 56. Qf6 Kg8 57. Kh5 Kh7 58. Qxh6+ Kg8 59. Qd6 Rh7+ 60. Kg5 Rg7+ 61. Kf4 Kh7 62. Qf8 f6 63. Qxf6 Rg8 64. g5 Rf8 65. Qh6+ Kg8 66. f6 Rf7 67. Kf5 Rc7 68. Qh2 Rf7 69. g6 Rb7 70. Qa2+ 1-0

[Event "European School-ch 2019"]
[Site "Mamaia"]
[Date "2019.06.03"]
[Round "4.7"]
[White "Ognean, Mihnea-Ionut"]
[Black "Ceres, Dragos"]
[Result "1/2-1/2"]
[ECO "E20"]
[WhiteElo "2260"]
[BlackElo "2291"]
[Annotator "ChessBase"]
[PlyCount "110"]
[EventDate "2019.05.31"]
[EventType "swiss"]
[EventCountry "ROU"]
[SourceTitle "playchess.com"]
[Source "ChessBase"]
[SourceQuality "1"]
[TimeControl "40/5400+30:1800+30"]

1. d4 Nf6 2. c4 e6 3. Nc3 Bb4 4. f3 c5 5. d5 b5 6. e4 O-O 7. e5 Ne8 8. f4 exd5 9. cxd5 d6 10. Nf3 c4 11. a4 Bg4 12. Be2 Nc7 13. axb5 dxe5 14. b6 axb6 15. Rxa8 Nxa8 16. fxe5 Nc7 17. d6 Ne6 18. O-O Nd7 19. Qd5 Qc8 20. Kh1 Bxc3 21. bxc3 Qc5 22. Qxc5 Nexc5 23. Bxc4 Bxf3 24. gxf3 Nxe5 25. Be2 Rd8 26. Rd1 f6 27. Kg2 g5 28. h4 h6 29. f4 gxf4 30. Bxf4 Ne4 31. Bf3 Rxd6 32. Rd4 Rxd4 33. cxd4 Ng6 34. Bxe4 Nxf4+ 35. Kf3 Ne6 36. Bd5 Kf7 37. Ke4 Ke7 38. Bc4 Ng7 39. Bd3 Ke6 40. Bc4+ Kd6 41. Kf4 Kc6 42. Ke4 Kd6 43. Kf4 Ke7 44. Ke4 Ne8 45. Bd3 Nd6+ 46. Kd5 Kd7 47. Bc2 b5 48. Bd3 f5 49. Ke5 b4 50. Bc2 Kc6 51. Ba4+ Kc7 52. Bb3 Kd7 53. Ba4+ Ke7 54. Bb3 Nb5 55. Bc4 Nxd4 1/2-1/2

[Event "European School-ch 2019"]
[Site "Mamaia"]
[Date "2019.06.03"]
[Round "4.8"]
[White "Balan, Bogdan"]
[Black "Tinarlioglu, Emre"]
[Result "0-1"]
[ECO "A61"]
[WhiteElo "2027"]
[BlackElo "1907"]
[Annotator "NA RC"]
[PlyCount "150"]
[EventDate "2019.05.31"]
[EventType "swiss"]
[EventCountry "ROU"]
[SourceTitle "playchess.com"]
[Source "ChessBase"]
[SourceQuality "1"]
[TimeControl "40/5400+30:1800+30"]

1. d4 Nf6 2. c4 c5 3. d5 e6 4. Nc3 exd5 5. cxd5 d6 6. Nf3 g6 7. Bf4 a6 8. a4 Bg7 9. h3 O-O 10. e3 Qe7 {[%emt 0:00:34] A61: Modern Benoni: Nf3 without early e4} 11. Be2 Nbd7 12. O-O Rb8 13. Nd2 (13. Re1 Ne8 14. e4 Ne5 15. Nxe5 Bxe5 16. Qd2 Nf6 17. Bf1 Re8 18. Rad1 Bd4 19. b4 Nh5 20. Bh2 b6 21. b5 {½-½ (21) Ponomariov,R (2663)-Donchenko,A (2607) Germany 2019}) 13... Ne8 14. Qb3 f5 15. Rfe1 g5 16. Bh2 Rf6 $146 (16... b6 $14) ({Predecessor:} 16... Kh8 17. Nc4 f4 18. exf4 gxf4 {0-1 (41) Schiendorfer,E (2349)-Nigalidze,G (2472) Plovdiv 2012}) 17. Nc4 Rh6 18. a5 Ne5 19. Nxe5 Bxe5 20. Bxe5 Qxe5 21. Bxa6 g4 22. Bf1 gxh3 23. g3 Nf6 24. a6 Ng4 25. Re2 Qe7 26. a7 Ra8 27. Qc4 Bd7 28. Qf4 Kg7 29. b4 cxb4 30. Qxb4 Be8 31. Qd4+ Kg8 32. f3 Ne5 33. Rf2 Qg7 34. Kh2 Rg6 35. Bxh3 Rxg3 36. Raf1 Bh5 37. Qf4 Nxf3+ 38. Rxf3 Rxf3 39. Rxf3 Bxf3 40. Qxf3 Qxc3 41. Qg3+ Kf7 42. Qxd6 Qc2+ 43. Bg2 Rxa7 44. Qe6+ Kg7 45. Qe7+ Kg6 46. Qe6+ Kg7 47. Qe7+ Kg6 48. Qe8+ Kg7 49. Qd7+ Kg6 50. Qd6+ Kh5 51. Kg3 Ra6 52. Bf3+ Kg5 53. Qe7+ Rf6 54. Qxh7 $11 Rh6 55. Qg7+ Rg6 56. Qe7+ Kh6+ 57. Kf4 b5 58. Qf8+ Kh7 59. Qf7+ Kh6 60. Qf8+ Kh7 61. Qxf5 Qxf5+ 62. Kxf5 Rb6 63. Bd1 Kg7 64. Bb3 Kf8 65. e4 Ke7 66. e5 Ra6 67. Ke4 Ra3 68. d6+ Kd7 69. Bf7 Ra1 70. Bh5 b4 71. Kd5 Ra5+ 72. Kd4 b3 73. Bg4+ Kc6 74. Bf3+ Kd7 75. Bg4+ Kc6 0-1

[Event "European School-ch 2019"]
[Site "Mamaia"]
[Date "2019.06.03"]
[Round "4.9"]
[White "Neshev, Nikola"]
[Black "Dharmasena, Gavith"]
[Result "1-0"]
[ECO "C52"]
[WhiteElo "1370"]
[BlackElo "1560"]
[Annotator "NA"]
[PlyCount "57"]
[EventDate "2019.05.31"]
[EventType "swiss"]
[EventCountry "ROU"]
[SourceTitle "playchess.com"]
[Source "ChessBase"]
[SourceQuality "1"]
[TimeControl "40/5400+30:1800+30"]

1. e4 e5 2. Nf3 Nc6 3. Bc4 Bc5 4. b4 Bxb4 5. c3 Ba5 6. d4 exd4 7. O-O d6 8. cxd4 Nf6 9. Ba3 O-O 10. e5 Ne4 11. Qd3 Ng5 12. Nxg5 Qxg5 13. f4 Qg6 14. f5 Qg4 15. Bb2 dxe5 16. dxe5 Bb6+ 17. Kh1 Rd8 18. Bxf7+ Kxf7 19. Qb3+ Ke8 20. Qg8+ Ke7 21. Ba3+ Nb4 22. Bxb4+ Qxb4 23. Qxg7+ Ke8 24. f6 Qf8 25. f7+ Kd7 26. Rd1+ Kc6 27. Qf6+ Rd6 28. exd6 cxd6 29. Qxd6+ {[%emt 0:00:41] Kd5} 1-0

[Event "European School-ch 2019"]
[Site "Mamaia"]
[Date "2019.06.03"]
[Round "4.10"]
[White "Ochedzan, Tymon"]
[Black "Kasaeva, Sofiia"]
[Result "1/2-1/2"]
[ECO "C89"]
[WhiteElo "2064"]
[BlackElo "1890"]
[Annotator "NA"]
[PlyCount "62"]
[EventDate "2019.05.31"]
[EventType "swiss"]
[EventCountry "ROU"]
[SourceTitle "playchess.com"]
[Source "ChessBase"]
[SourceQuality "1"]
[TimeControl "40/5400+30:1800+30"]

1. e4 e5 2. Nf3 Nc6 3. Bb5 a6 4. Ba4 Nf6 5. O-O Be7 6. Re1 b5 7. Bb3 O-O 8. c3 d5 9. d4 Nxe4 10. dxe5 Be6 $11 11. Nd4 Na5 12. Bc2 c5 13. Nxe6 fxe6 14. Bxe4 dxe4 15. Qg4 Qd5 16. Nd2 Nc6 17. Qxe4 Qxe4 18. Nxe4 Nxe5 19. Bg5 Bxg5 20. Nxg5 Nd3 21. Nxe6 Rf6 22. Re3 c4 23. b3 Nxf2 24. bxc4 bxc4 25. Nc5 Rd8 26. Rf1 Rd2 27. Ne4 Nxe4 28. Rxe4 Rxf1+ 29. Kxf1 Rxa2 30. Rxc4 Kf7 31. Rc6 a5 1/2-1/2